Cogmind - Beta 15 @@@ ROGUE MODE // 2025.08.23 @ 17:06:04 Player: JuustuToug Result: Destroyed self with YOLO Cannon Performance ------------- Evolutions (0) 0 Regions Visited (3) 600 Robots Destroyed (6) 30 Value Destroyed (132) 132 Prototype IDs (27) 540 Alien Tech Used (0) 0 Bonus (279) 279 TOTAL SCORE: 1581 Bonus ------- Aligned with FarCom 300 Friendly Fire -21 Cogmind --------- Core Integrity 0/250 Matter 280/300 Energy 0/100 System Corruption 0% Temperature Cool (35) Movement Core (500) Ox9 Location -10/Exiles Parts ------- > --- POWER (1) -------- (None) > --- PROPULSION (2) --- (None) > --- UTILITY (2) ------ Medium Storage Unit > --- WEAPON (2) ------- YOLO Cannon > --- INVENTORY (10) --- Light Ion Engine Heat Sink Medium Laser AWS/Thermal Light Assault Rifle Datajack Peak State ------------ > --- POWER ------------ Ion Engine > --- PROPULSION ------- Aluminum Leg Aluminum Leg > --- UTILITY ---------- Medium Storage Unit > --- WEAPON ----------- YOLO Cannon > --- INVENTORY -------- Light Ion Engine Light Ion Engine Heat Sink Medium Laser AWS/Thermal Light Assault Rifle Datajack [Rating: 26] Favorites ----------- Power Ion Engine Engine Ion Engine Propulsion Aluminum Leg Leg Aluminum Leg Utility Medium Storage Unit Storage Medium Storage Unit Weapon Light Assault Rifle Energy Gun Medium Laser Energy Cannon YOLO Cannon Ballistic Gun Light Assault Rifle Build | -11 -10 -10 -10 ------- Run | Yrd Mat Min Exi Slots Evolved . | . . . . Power . | . . . . Propulsion . | . . . . Utility . | . . . . Weapon . | . . . . Parts Attached 12 | 6 2 . 4 Power 3 | 1 1 . 1 Engine 3 | 1 1 . 1 Core . | . . . . Reactor . | . . . . Propulsion 2 | 2 . . . Treads . | . . . . Leg 2 | 2 . . . Wheel . | . . . . Hover . | . . . . Flight . | . . . . Utility 2 | 1 1 . . Device . | . . . . Storage 2 | 1 1 . . Processor . | . . . . Hackware . | . . . . Protection . | . . . . Artifact . | . . . . Weapon 5 | 2 . . 3 Energy Gun 2 | 1 . . 1 Energy Cannon 1 | . . . 1 Ballistic Gun 2 | 1 . . 1 Ballistic Cannon . | . . . . Launcher . | . . . . Special Weapon . | . . . . Impact Weapon . | . . . . Slashing Weapon . | . . . . Piercing Weapon . | . . . . Special Melee Weapon . | . . . . Unidentified Prototypes . | . . . . Parts Lost 5 | . 1 . 4 Power 3 | . 1 . 2 Propulsion 2 | . . . 2 Utility . | . . . . Weapon . | . . . . Highest Loss Streak 4 | . 1 . 4 To Critical Strikes 1 | . . . 1 Average Backups 4 | 1 3 5 6 Power 1 | . 1 2 2 Propulsion . | . . . . Utility . | . . . 1 Weapon 1 | . 1 1 2 Tool/Special . | . . . . Unused Backups 3 | . . . 3 Power 1 | . . . 1 Propulsion . | . . . . Utility 1 | . . . 1 Weapon . | . . . . Tool/Special 1 | . . . 1 Average Slot Usage (%) 80 | . 85 85 75 Engine 13 | . 14 14 13 Leg 27 | . 28 28 26 Storage 14 | . 14 14 14 Energy Gun 13 | . 14 14 12 Ballistic Gun 10 | . 14 14 5 Peak Build Rating 26 | 6 6 6 26 Average Rating 10 | 3 5 6 16 On Entrance 4 | . 6 6 6 Naked Turns . | . . . . Heaviest Build 33 | 11 18 18 33 Greatest Support 20 | 20 20 20 20 Greatest Overweight (x) 1 | 1 . . 1 Average Overweight (x) . | . . . . Largest Inventory Capacity 10 | 8 10 10 10 Average Capacity 9 | 7 9 10 10 Most Carried 10 | 3 5 6 10 Average Carried 4 | 1 3 5 7 Final Capacity 10 | 8 10 10 10 Final Carried 7 | 2 4 6 7 Class Distribution -------------------- 100% | Mutant Dominant Class ---------------- Mutant | -10/Materials Mutant | -10/Mines Mutant | -10/Exiles Resources | -11 -10 -10 -10 ----------- Run | Yrd Mat Min Exi Matter Collected 301 | 250 51 . . Remotely . | . . . . Salvage Created 184 | . 161 . 23 Parts 7 | . 7 . . Haulers Intercepted . | . . . . Recyclers Shooed . | . . . . Parts Field Recycled . | . . . . Retrieved Matter . | . . . . Parts Self-Destructed . | . . . . Prevented . | . . . . Kills | -11 -10 -10 -10 ------- Run | Yrd Mat Min Exi Combat Hostiles Destroyed 10 | . 6 . 4 Guns 6 | . 6 . . Cannons 1 | . . . 1 AOE 3 | . . . 3 Classes Destroyed 3 | . 2 . 1 Swarmer 3 | . 3 . . Grunt 3 | . 3 . . Assembled 4 | . . . 4 Best Kill Streak 4 | . 4 . 4 Combat Bots Only 4 | . 4 . 4 Max Kills in Single Turn 4 | . 1 . 4 Gunslinging . | . . . . Exploded 3 | . . . 3 Melee . | . . . . Uniques/NPCs Destroyed . | . . . . Combat | -11 -10 -10 -10 -------- Run | Yrd Mat Min Exi Hostile Shots Fired 87 | . 30 . 57 Missed 28 | . 7 . 21 Hits 59 | . 23 . 36 Melee 4 | . . . 4 Projectile 55 | . 23 . 32 Critical Strikes 7 | . . . 7 Damage Taken 948 | . 237 . 711 Core 251 | . 39 . 212 Absorbed by Shields . | . . . . Core Remaining (%) 100 | 100 . . . Volleys Fired 32 | . 26 . 6 Largest 2 | . 2 . 1 Hottest 100 | . 70 . 100 Shots Fired 58 | . 52 . 6 Gun 52 | . 52 . . Cannon 6 | . . . 6 Launcher . | . . . . Special . | . . . . Kinetic 26 | . 26 . . Thermal 32 | . 26 . 6 Explosive . | . . . . Electromagnetic . | . . . . Robot Hit Streak 9 | . 9 . 3 Robot Miss Streak 3 | . 3 . 1 Penetration Max . | . . . . Secondary Targets . | . . . . Shots Hit Robots 37 | . 34 . 3 Core Hits 15 | . 9 . 6 Critical Kills . | . . . . Critical Parts Destroyed . | . . . . Critical Strikes 2 | . 2 . . Burn 2 | . 2 . . Melee Attacks . | . . . . Impact . | . . . . Slashing . | . . . . Piercing . | . . . . Sneak Attacks . | . . . . Combat Hostiles . | . . . . Follow-up Attacks . | . . . . Damage Inflicted 752 | . 339 . 413 Guns 339 | . 339 . . Cannons 177 | . . . 177 Explosions 236 | . . . 236 Melee . | . . . . Ramming . | . . . . Kinetic 139 | . 139 . . Thermal 613 | . 200 . 413 Explosive . | . . . . Electromagnetic . | . . . . Impact . | . . . . Slashing . | . . . . Piercing . | . . . . Highest Corruption . | . . . . Average Corruption . | . . . . Corruption Purged . | . . . . Corruption Blocked . | . . . . Overload Shots . | . . . . Overflow Damage 109 | . . . 109 Projectiles 105 | . . . 105 Explosions 4 | . . . 4 Melee . | . . . . Knockbacks . | . . . . Impact . | . . . . Kinetic . | . . . . Secondary . | . . . . Self-Inflicted Damage 93 | . . . 93 Shots 2 | . . . 2 Rammed . | . . . . Targets Rammed . | . . . . Kicked . | . . . . Crushed . | . . . . Highest Temperature 248 | . 248 . 95 Average Temperature 81 | . 86 . 61 Received Heat Transfer 102 | . 102 . . Siege Activations . | . . . . Martial Activations . | . . . . Shielding Activations . | . . . . Robots Disrupted . | . . . . Combat Hostiles . | . . . . Robots Corrupted . | . . . . Combat Hostiles . | . . . . Parts Fried . | . . . . Impact Corruptions . | . . . . Robots Melted . | . . . . Combat Hostiles . | . . . . Parts Melted 3 | . 3 . . Heat Transferred 1280 | . 740 . 540 Parts Sabotaged . | . . . . Parts Stolen . | . . . . Parts Stripped . | . . . . Power Chain Reactions . | . . . . Alert | -11 -10 -10 -10 ------- Run | Yrd Mat Min Exi Maximum Alert Level . | . . . . Low Security (%) 100 | 100 100 100 . Level 1 . | . . . . Level 2 . | . . . . Level 3 . | . . . . Level 4 . | . . . . Level 5 . | . . . . High Security . | . . . . Max Security . | . . . . Peak Influence 80 | . 80 . . Initial . | . . . . Average 13 | . 19 . . Influence Increases 139 | . 139 . . Destroy 0b10 Robot/C 120 | . 120 . . Destroy Leader 10 | . 10 . . Successful Hack 9 | . 9 . . Influence Decreases 139 | . 139 . . Time Decay 99 | . 99 . . Purge Threat 40 | . 40 . . Squads Dispatched . | . . . . Investigation . | . . . . Extermination . | . . . . Reinforcement . | . . . . Assault . | . . . . Garrison . | . . . . Intercept . | . . . . Searches Triggered . | . . . . Construction Impeded . | . . . . Haulers Reinforced . | . . . . Active Scanning Responses . | . . . . Cargo Convoy Interrupts . | . . . . Stealth | -11 -10 -10 -10 --------- Run | Yrd Mat Min Exi Distress Signals 1 | . 1 . . Communications Jammed . | . . . . Distress Signals . | . . . . Times Spotted 20 | . 12 . 8 Peak Tracking Total 9 | . 4 . 9 Tactical Retreats . | . . . . Traps | -11 -10 -10 -10 ------- Run | Yrd Mat Min Exi Traps Triggered . | . . . . Indirectly . | . . . . Trap Hack Attempts . | . . . . Triggered . | . . . . Disarmed . | . . . . Reprogrammed . | . . . . Reused . | . . . . Traps Extracted . | . . . . Installed . | . . . . Triggered . | . . . . Machines | -11 -10 -10 -10 ---------- Run | Yrd Mat Min Exi Machines Disabled 4 | . . . 4 Max in Single Turn 2 | . . . 2 Machines Repaired . | . . . . Machines Dismantled . | . . . . Machines Sabotaged . | . . . . Overloaded Fab Kills . | . . . . Hacking | -11 -10 -10 -10 --------- Run | Yrd Mat Min Exi Machines Accessed 5 | . 4 . 1 Terminals 4 | . 4 . . Fabricators . | . . . . Repair Stations . | . . . . Recycling Units . | . . . . Scanalyzers . | . . . . Garrison Access . | . . . . Total Hacks 10 | . 9 . 1 Successful 7 | . 6 . 1 Failed 3 | . 3 . . Catastrophic . | . . . . Database Lockouts . | . . . . Manual 3 | . 2 . 1 Terminals 9 | . 9 . . Fabricators . | . . . . Repair Stations . | . . . . Recycling Units . | . . . . Scanalyzers . | . . . . Garrison Access . | . . . . Terminal Hacks 6 | . 5 . 1 Prototype ID Bank 2 | . 2 . . Unreport Threat 1 | . 1 . . Hauler Manifests 2 | . 2 . . Proto ID Catalog 1 | . . . 1 Fabricator Hacks . | . . . . Repair Station Hacks . | . . . . Recycling Unit Hacks . | . . . . Scanalyzer . | . . . . Garrison Access Hacks . | . . . . Unauthorized Hacks 1 | . 1 . . Terminals 1 | . 1 . . Botnet 1 | . 1 . . Fabricators . | . . . . Repair Stations . | . . . . Recycling Units . | . . . . Scanalyzers . | . . . . Garrison Access . | . . . . Data Cores Recovered . | . . . . Used . | . . . . Hacking Detections 1 | . 1 . . Full Trace Events . | . . . . Feedback Events . | . . . . Feedback Blocked . | . . . . Robot Schematics Acquired . | . . . . Robots Built . | . . . . Authchips . | . . . . Time . | . . . . Total Robot Build Rating . | . . . . Part Schematics Acquired . | . . . . Parts Built . | . . . . Authchips . | . . . . Time . | . . . . Total Part Build Rating . | . . . . Parts Repaired . | . . . . Time . | . . . . Parts Recycled . | . . . . Recycled Matter . | . . . . Retrieved Matter . | . . . . Retrieved Components . | . . . . Parts Scanalyzed . | . . . . Part Schematics Acquired . | . . . . Parts Damaged . | . . . . Bothacking | -11 -10 -10 -10 ------------ Run | Yrd Mat Min Exi Used RIF Installer . | . . . . Robots Hacked . | . . . . Non-combat . | . . . . Combat . | . . . . Robot Hacks Applied . | . . . . Relay Couplers Released . | . . . . Fabnet Peak Effective % . | . . . . Robots Rewired . | . . . . Allies Hacked . | . . . . Hacks Repelled . | . . . . Allies | -11 -10 -10 -10 -------- Run | Yrd Mat Min Exi Total Allies . | . . . . Largest Group . | . . . . Highest-Rated Group . | . . . . Highest-Rated Ally . | . . . . Total Orders . | . . . . Ally Attacks . | . . . . Total Damage . | . . . . Kills . | . . . . Allies Corrupted . | . . . . Allies Melted . | . . . . Intel | -11 -10 -10 -10 ------- Run | Yrd Mat Min Exi Active Infowar (turns) . | . . . . Robot Analysis Total . | . . . . Derelict Logs Recovered . | . . . . Drone Launches . | . . . . Drone Recoveries . | . . . . Exploration | -11 -10 -10 -10 ------------- Run | Yrd Mat Min Exi Turns Passed 875 | 76 351 80 368 Spaces Moved 511 | 56 177 66 212 Core 21 | 21 . . . Treads . | . . . . Legs 490 | 35 177 66 212 Wheels . | . . . . Hover . | . . . . Flight . | . . . . Fastest Speed 50 | 50 120 120 120 Average Speed 131 | 111 120 120 150 Slowest Speed 190 | 120 120 120 190 Overloaded Moves . | . . . . Propulsion Burnouts . | . . . . Robots Hopped . | . . . . Potential Cave-ins . | . . . . Cave-ins Triggered . | . . . . Exploration Rate (%) 26 | 4 39 23 41 Regions Visited 3 Branch Regions 2 Pre-discovered Areas . | . . . . Known Exits Taken . | . . . . Unknown Exits Taken 3 | 1 1 1 . Scrap Searched 1 | . . 1 . Spaces Dug . | . . . . Terrain Destroyed 41 | . . . 41 Melee . | . . . . Projectile 1 | . . . 1 AOE 40 | . . . 40 Terrain Rammed . | . . . . Walls Destroyed . | . . . . Machines Disabled . | . . . . Actions | -11 -10 -10 -10 --------- Run | Yrd Mat Min Exi Total 653 | 69 269 67 248 Wait 77 | . 60 . 17 Move 508 | 55 176 65 212 Hop . | . . . . Pick Up 18 | 8 4 2 4 Fast Attach . | . . . . Attach 10 | 6 1 . 3 Detach 1 | . . . 1 Swap 2 | . 1 . 1 Drop 5 | . 1 . 4 Fire 32 | . 26 . 6 Melee . | . . . . Ram . | . . . . Kick . | . . . . Crush . | . . . . Escape Stasis . | . . . . Rewire . | . . . . Trap . | . . . . Miscellaneous . | . . . . Route ------- -11/Scrapyard -10/Materials -10/Mines -10/Exiles History --------- Turn | Location | Event 23 | -11/Scrapyard | Discovered new exit (range 14) 77 | -11/Scrapyard | Entered Materials 310 | -10/Materials | Build established: Mutant 390 | -10/Materials | Discovered new exit (range 16) 428 | -10/Materials | Entered Mines 504 | -10/Mines | Deemed a non-threat by the Exiles lab entrance 504 | -10/Mines | Discovered new exit (range 5) 508 | -10/Mines | Entered Exiles 541 | -10/Exiles | Met 8R-AWN 556 | -10/Exiles | Met EX-HEX 592 | -10/Exiles | Met EX-BIN 609 | -10/Exiles | Aligned with FarCom system 610 | -10/Exiles | Given EX-Vault access code 642 | -10/Exiles | Opened EX-Vault 650 | -10/Exiles | Found YOLO Cannon 652 | -10/Exiles | Found AWS/Thermal 700 | -10/Exiles | Warned to stay clear of 0b10 Research branches 853 | -10/Exiles | Attacked by the Exiles 863 | -10/Exiles | Core integrity fell below 50% 872 | -10/Exiles | Core integrity fell below 20% 876 | -10/Exiles | Destroyed self with YOLO Cannon Last Messages --------------- 00867_ Ion Engine destroyed. 00868_ Knocked back. 00868_ as-36805 destroyed. 00869_ Penetrated by HV Slug. 00869_ HV Slug penetrates Earth. 00869_ Penetrated by HV Slug. 00869_ HV Slug penetrates Earth. 00871_ Penetrated by HV Slug. 00871_ HV Slug penetrates Earth. 00871_ Penetrated by HV Slug. 00871_ HV Slug penetrates Earth. 00873_ HV Slug penetrates Wall. 00873_ HV Slug penetrates Earth. 00873_ HV Slug penetrates Wall. 00875_ Penetrated by HV Slug. 00875_ HV Slug penetrates Earth. 00875_ Penetrated by HV Slug. 00875_ HV Slug penetrates Earth. 00876_ Lgt. Ion Engine destroyed. 00876_ Destroyed Lgt. Ion Engine. Map ----- +----------------------------------------------------+ | """#???????????????????????????????????????????? | | """#???????????????????????????????????????????? | | """#???????????????????????????????????????????? | | """#???????????????????????????????????????????? | | """"???????????????????????????????????????????? | | """#???????????????????????????????????????????? | | " """????????????????????????????????????????????? | | " ????????????????????????????????????????????? | | """""#???????????????????????????????????????????? | | ######???????????????????????????????????????????? | | ?????????????????????????????????????????????????? | | ?????????????????????????????????????????????????? | | ?????????????????????????????????????????????????? | | ?###########???????????????????????????????????? ? | | ##"""""""""##??????????????????????????????????? | | " """ """"##?????????????????????????????????# | | "" " #????????????#####??????????????## | | " """#??????????## ##?????????????# | | " "#?????????##;;;;; ##????????????# | | " "##???????## ; #???????????## | | ""###?????# #??????????## | | """#?????# ; #??????????# | | "#????## g ;##????????### # | | ##???# ########## # | | ##### #""""## #? | | " #;; @ * ## | | ## * # | | % #;## # | | a # #"""""#### | | a ; ;#########??#### * | | ;;;;;;#?????????????##### | | % ## ##?????????????????### | | " % % #### # ?????????????????????### | | """ "#?? #???????????????????????### | | " ""#" "##?# # ?????????????????????????#" | | "" """##"""" ""##??##? ?????????????????????????## | | #""""??#########????? #??????????????????????????? | | ###??????????????????#???????????????????????????? | | ?????????????????????????????????????????????????? | | ?????????????????????????????????????????????????? | | ?????????????????????????????????????????????????? | | ?????????????????????????????????????????????????? | | ?????????????????????????????????????????????????? | | ?????????????????????????????????????????????????? | | ?????????????????????????????????????????????????? | | ?????????????????????????????????????????????????? | | ?????????????????????????????????????????????????? | | ?????????????????????????????????????????????????? | | ?????????????????????????????????????????????????? | | ?????????????????????????????????????????????????? | +----------------------------------------------------+ Best States ------------- Heat Dissipation 25 Energy Generation 10 Energy Capacity 250 Matter Stores 300 Matter Capacity 300 Sight Range 16 Terrain Scan Density 10 Evasion (%) 55 Item Schematics ----------------- None Robot Schematics ------------------ None Fabricated ------------ Nothing Repaired ---------- Nothing Alien Tech Used ----------------- None Achievements -------------- None Challenges ------------ None Game ------ Seed RainbowDiametricShotgun Manual? 0 Play Time 00:09:02 Cumulative 69.2 hours Start 2025.08.23 @ 16:57:52 End 2025.08.23 @ 17:06:04 Sessions 1 Manual Loads 0 Difficulty Rogue Special Mode None Game No. 53 Rogue 53 Adventurer 0 Explorer 0 Win Type - Total 2 Types 1/0/0/1/0/0/0/0/0/0 Lore% 57 Gallery% 50 Achievement% 43 Wizard Run 0 Options --------- Layout 1 ASCII 0 Keyboard 0 Movement Mouse Keybinds 0 Fullscreen 1 Font 24/Smallcaps Map View 50x35 Zoom Use 0% Tactical HUD 1 Map Filters NONE Filters NONE Steam 1 RUN: 184abd53-de48-4488-ad6d-79f1cdb8bf69